 Dungeon Crawl Stone Soup version 0.26-a0-651-gb41185065b (webtiles) character file.

Game seed: 634781322121691504

348025 Flugslaktarn the Warrior (level 20, -1/206 HPs)
             Began as a Deep Dwarf Fighter on Oct 8, 2020.
             Was the Champion of Makhleb.
             Slain by an Orb Guardian (39 damage)
             ... on level 5 of the Realm of Zot.
             The game lasted 00:18:04 (19041 turns).

Flugslaktarn the Warrior (Deep Dwarf Fighter)      Turns: 19041, Time: 00:18:05

Health: -1/206     AC: 33    Str: 32    XL:     20   Next: 86%
Magic:  8/8        EV: 15    Int: 15    God:    Makhleb [******]
Gold:   2214       SH: 16    Dex: 15    Spells: 19/19 levels left

rFire    + + .     SeeInvis .   Q - +9 war axe of Qagielum {venom, *Drain rF++}
rCold    + . .     Faith    .   I - +0 kite shield
rNeg     + + .     Spirit   .   F - +7 plate armour of the Armadillo {+Inv rN+ Str+3 Dex-2}
rPois    .         Reflect  .   J - +1 hat
rElec    +         Harm     .   O - scarf {shadows}
rCorr    .         Rampage  .   f - +2 pair of gloves
MR       +++..                  D - +2 pair of boots
Stlth    ..........             A - amulet of the acrobat
HPRegen  0.00/turn              X - ring "Coazec" {rElec Str+3 Int+6}
MPRegen  0.11/turn              c - ring of protection from cold

@: mighty, silence (expiring), very slightly contaminated, non-regenerating,
hasted, invisible, very quick
A: damage resistance, heal wounds, horns 1, agile 1, deterioration 1, negative
energy resistance 1, sense surroundings 3, screaming 1, no regeneration
}: 3/15 runes: barnacled, abyssal, gossamer
a: Heal Wounds, Renounce Religion


You were on level 5 of the Realm of Zot.
You worshipped Makhleb.
Makhleb was exalted by your worship.
You visited 6 branches of the dungeon, and saw 37 of its levels.
You visited the Abyss 2 times.
You also visited: Sewer and Bailey.

You collected 2214 gold pieces.

Inventory:

Hand Weapons
 j - a +5 war axe of freezing
   (You took it off a wight on level 12 of the Dungeon)
 y - a +9 broad axe of electrocution
   (You found it on level 10 of the Dungeon)
 G - a +2 vorpal war axe
   (You took it off an orc warrior on level 11 of the Dungeon)
 Q - the +9 war axe of Qagielum (weapon) {venom, *Drain rF++}
   (You found it on level 2 of the Lair of Beasts)

   It poisons the flesh of those it strikes.
   It greatly protects you from fire.
   It causes draining when unequipped.
Missiles
 P - 9 throwing nets (quivered)
Armour
 f - a +2 pair of gloves (worn)
   (You found it on level 4 of the Dungeon)
 D - a +2 pair of boots (worn)
   (You found it on level 8 of the Dungeon)
 F - the +7 plate armour of the Armadillo (worn) {+Inv rN+ Str+3 Dex-2}
   (You found it on level 9 of the Dungeon)

   It affects your strength (+3).
   It affects your dexterity (-2).
   It protects you from negative energy.
   It lets you turn invisible.
 I - a +0 kite shield (worn)
 J - a +1 hat (worn)
   (You took it off Gastronok on level 1 of the Lair of Beasts)
 O - a scarf of shadows (worn)
   (You found it on level 5 of the Depths)
Jewellery
 c - a ring of protection from cold (right hand)
   (You found it on level 12 of the Dungeon)
 m - an uncursed ring of protection from magic
   (You found it on level 14 of the Dungeon)
 o - an uncursed ring of poison resistance
   (You found it on level 14 of the Dungeon)
 v - a +4 ring of evasion
   (You took it off a hell knight on level 1 of the Depths)
 A - an amulet of the acrobat (around neck)
   (You found it on level 7 of the Dungeon)
 T - the ring "Lafess" {rN+ rCorr SInv}
   (You took it off a spriggan air mage on level 2 of the Depths)

   [ring of resist corrosion]

   It protects you from negative energy.
   It lets you see invisible.
   It provides partial protection from all sources of acid and corrosion.
 U - a +4 ring of evasion
   (You found it on level 2 of the Depths)
 V - an uncursed ring of resist corrosion {unknown}
   (You found it on level 4 of the Depths)
 X - the ring "Coazec" (left hand) {rElec Str+3 Int+6}
   (You acquired it on level 4 of the Depths)

   [ring of intelligence]

   It affects your strength (+3).
   It affects your intelligence (+6).
   It insulates you from electricity.
Wands
 g - a wand of digging (6)
   (You found it on level 11 of the Dungeon)
 p - a wand of enslavement (10)
   (You found it on level 5 of the Dungeon)
 B - a wand of iceblast (5)
   (You found it on level 7 of the Dungeon)
 L - a wand of acid (15)
   (You found it on level 13 of the Dungeon)
 R - a wand of paralysis (25)
   (You found it on level 10 of the Dungeon)
Scrolls
 r - 7 scrolls of identify
 s - a scroll of vulnerability
 t - 5 scrolls of teleportation
 x - 7 scrolls of remove curse
 E - a scroll of enchant armour
 K - a scroll of summoning
 N - 6 scrolls of enchant weapon
 S - 2 scrolls of fog
 W - a scroll of fear
Potions
 b - 3 potions of flight
 d - 5 potions of might
 e - 2 potions of cancellation
 h - a potion of haste
 i - 3 potions of berserk rage
 k - 5 potions of lignification
 n - 5 potions of resistance
 q - 20 potions of curing
 u - 3 potions of mutation
 w - 4 potions of heal wounds
 H - a potion of invisibility
 M - 4 potions of ambrosia
Miscellaneous
 C - a tin of tremorstones (3/3)
   (You found it on level 1 of the Depths)


   Skills:
 + Level 18.4 Fighting
 - Level 16.2 Axes
 + Level 18.2 Armour
 - Level 11.0 Dodging
 + Level 17.5 Shields
 - Level 15.0 Invocations
 - Level 10.0 Evocations


You had 19 spell levels left.
You didn't know any spells.
Your spell library was empty.

Dungeon Overview and Level Annotations

Branches:
Dungeon (15/15)            Temple (0/1) D:5            Lair (4/6) D:11
 Shoals (4/4) Lair:2       Spider (4/4) Lair:4          Orc (0/2) D:11
 Vaults (0/5) D:13         Depths (5/5) D:15            Zot (5/5) Depths:5
  Sewer (visited)          Bailey (visited)

Altars:
Ashenzari
Dithmenos
Gozag
Kikubaaqudgha
Makhleb
Nemelex Xobeh
Uskayaw
Xom

Shops:
D:15 (

Portals:
Hell: Depths:4 Depths:5
Abyss: Depths:4

Annotations:
D:10 3 runed translucent doors, Flugslaktarn's ghost, novice DDFi
D:14 2 transporters, qborf's ghost, adept FoVM
D:15 Roxanne
Lair:2 exclusion: 2 oklob plants
Spider:4 1 runed translucent door, sinister's ghost, adept FoFi
Depths:1 exclusion: orange crystal statue


Innate Abilities, Weirdness & Mutations

You are resistant to damage.
You can heal yourself by infusing magical energy.
You resist negative energy. (rN+)
You passively map a large area around you.
You do not regenerate.
You have a pair of small horns on your head.
You are agile. (Dex +2)
Your body sometimes deteriorates upon taking damage.
You occasionally shout uncontrollably at your foes.


Message History

You feel much better.
The Orb Guardian hits you but does no damage.
You block the Orb Guardian's attack.
The golden dragon bites you but does no damage.
The golden dragon closely misses you. You block the golden dragon's attack.
The ancient lich disappears!
The Orb Guardian hits you!!!
The Orb Guardian hits you but does no damage.
You hit the golden dragon but do no damage.
You headbutt the golden dragon.
The golden dragon is lightly wounded.
You slash the Orb Guardian!
The Orb Guardian is poisoned.
You closely miss the Orb Guardian. You slash the Orb Guardian!
The Orb Guardian is poisoned.
The golden dragon bites you!! You block the golden dragon's attack.
The golden dragon tramples you but does no damage.
The Orb Guardian hits you but does no damage.
The Orb Guardian hits you!!!
* * * LOW HITPOINT WARNING * * *
The Orb Guardian hits you!!!
You die...

* * ▓▓▓▓ ▓...........^, ,,
** ,$...▓ ▓............ *
,,
,X^...▓▓......^...........
, * ,
....X.▓..................
, , ,
0...X...........X........
*
......▓Dy............^...
*
.X...▓▓X*X..§..^.L..L....
,, ..D.▓
▓XDX...........L.L. *
▓▓▓▓* #.@Xp....§§......1.
* ##........§§.....X^
##▓...............
▓▓▓▓............
*▓▓▓▓▓▓▓▓##... ^ ,, , ,.X.
* * ,##.^.......... ,, * *
* , *##............. * , ^
,, #..............


You could see an orb of fire, a Killer Klown, 2 golden dragons, 5 Orb Guardians
and a moth of wrath.

Vanquished Creatures
  An ancient lich (Abyss:2)
  A juggernaut (Depths:4)
  A golden dragon (Depths:5)
  3 bone dragons
  A lich (Abyss:1)
  An electric golem (Zot:4)
  2 tentacled monstrosities
  A titan (Depths:1)
  A death cob (Zot:4)
  2 quicksilver dragons
  An Executioner (Abyss:4)
  3 sphinxes
  Gastronok (Lair:1)
  Kirke (Lair:4)
  Frances (D:14)
  6 tentacled starspawn
  A tengu reaver (Depths:5)
  3 storm dragons
  5 fire giants
  A draconian knight (Zot:5)
  3 cacodemons (Abyss:4)
  2 ghost moths (Spider:4)
  A draconian scorcher (Zot:5)
  2 iron dragons
  10 frost giants
  2 emperor scorpions
  2 draconian annihilators
  A draconian stormcaller (Depths:5)
  13 very ugly things
  3 stone giants
  2 grey draconians (Depths:5)
  3 green draconians
  A vampire knight (Depths:4)
  3 black draconians
  Azrael (D:13)
  3 red draconians
  2 spark wasps (Depths:3)
  14 ettins
  Josephine (D:10)
  A blizzard demon (Abyss:3)
  5 merfolk impalers (Shoals:4)
  3 yaktaur captains
  5 fire dragons
  Harold (D:9)
  3 great orbs of eyes
  4 ogre magi
  A hydra (Lair:4)
  2 jiangshi (Depths:3)
  2 rakshasas
  2 spriggan air magi (Depths:2)
  6 ice dragons
  2 satyrs
  2 merfolk avatars (Shoals:4)
  6 centaur warriors
  4 merfolk aquamancers (Shoals:4)
  20 two-headed ogres
  A tengu warrior (D:12)
  3 vampire magi
  3 deep troll shamans (Depths:4)
  6 deep troll earth magi
  3 death yaks (Depths:4)
  2 thrashing horrors
  Urug (Lair:2)
  2 hell knights
  Nergalle (D:10)
  A sun demon (Abyss:2)
  A deep elf knight (D:13)
  A salamander mystic (Depths:4)
  3 wretched stars
  A sixfirhy (Abyss:1)
  8 skeletal warriors
  3 iron trolls
  2 wizards (Depths:4)
  2 spatial maelstroms
  An unseen horror (D:14)
  8 glowing orange brains
  A sea snake (Shoals:1)
  A flayed ghost (Depths:2)
  19 deep trolls
  3 swamp dragons (Depths:5)
  A wolf spider zombie (D:15)
  A deep elf mage (D:13)
  2 shining eyes (Abyss:4)
  A shining eye (shapeshifter) (Depths:4)
  6 harpies
  4 orc knights
  4 fauns (Shoals:4)
  8 cyclopes
  4 salamanders
  5 manticores
  5 orb spiders
  12 wolf spiders
  2 water nymphs
  A black mamba (Lair:4)
  14 ugly things
  9 moths of wrath
  An apocalypse crab (Abyss:3)
  A titan simulacrum (Abyss:2)
  5 elephants (Lair:4)
  2 centaur zombies
  4 merfolk sirens
  3 smoke demons
  Joseph (D:9)
  A torpor snail (shapeshifter) (Depths:1)
  2 orange demons
  3 gargoyles
  7 cane toads
  A hellion (Depths:4)
  6 efreet
  3 rime drakes (Lair:2)
  A freezing wraith (D:12)
  17 yaktaurs
  A komodo dragon (Lair:4)
  A tormentor (Abyss:3)
  4 hellwings (Depths:4)
  7 ancient zymes
  8 demonic crawlers
  5 merfolk
  15 jumping spiders
  A wind drake (shapeshifter) (Depths:2)
  A troll (D:14)
  3 hornets
  A polar bear (Lair:3)
  A tyrant leech (shapeshifter) (Depths:2)
  A hydra skeleton (Abyss:1)
  2 wind drakes
  13 raiju
  2 snapping turtles
  A meliai zombie (D:14)
  A harpy skeleton (D:15)
  9 hippogriffs
  33 slime creatures
  11 blink frogs
  36 redbacks
  An ettin skeleton (Abyss:2)
  3 flying skulls (Abyss:4)
  A shadow (D:15)
  10 starcursed masses
  2 vampires
  4 wyverns
  3 ynoxinuls (Abyss:1)
  5 water elementals
  13 tarantellas
  8 wraiths
  36 yaks
  6 fire elementals (D:13)
  31 large abominations
  4 chaos spawn
  2 steam dragons
  3 golden eyes
  5 hogs (Lair:4)
  4 neqoxecs
  5 vampire mosquitoes
  Edmund (D:6)
  Menkaure (D:5)
  2 spatial vortices (Abyss:1)
  An acid dragon (D:15)
  5 water moccasins
  6 hell hounds
  Duvessa (D:5)
  A floating eye (Abyss:4)
  11 porcupines
  An ice beast (D:9)
  20 orc warriors
  2 sky beasts
  An eye of draining (Abyss:4)
  An eye of draining (shapeshifter) (D:14)
  2 black bears
  4 necrophages
  A boggart (D:13)
  17 ogres
  10 crocodiles
  6 wolves (Lair:1)
  6 centaurs
  14 bullfrogs
  4 big kobolds
  Dowan (D:5)
  An earth elemental (Abyss:2)
  A wyvern skeleton (D:13)
  4 scorpions
  16 small abominations
  17 killer bees
  12 wights (D:12)
  An electric eel (Spider:2)
  5 howler monkeys
  3 crimson imps (Depths:4)
  A bullfrog zombie (D:9)
  2 quasits
  5 hounds
  6 jellies
  8 orc priests
  3 bullfrog skeletons
  5 iguanas
  Natasha (twice) (D:4)
  5 centaur skeletons
  14 orc wizards
  A spriggan simulacrum (Abyss:3)
  9 worker ants
  A hound skeleton (D:11)
  A howler monkey zombie (D:5)
  22 adders
  5 white imps
  2 ufetubi
  3 adder skeletons
  A dart slug (D:4)
  3 leopard geckos
  68 orcs
  4 giant cockroaches
  11 goblins
  3 hobgoblins
  11 jackals
  12 quokkas
  A ball python skeleton (D:4)
  8 bats
  4 frilled lizards
  17 kobolds
  2 leopard gecko skeletons
  2 rats
  2 lurking horrors
  3 macabre masses (Abyss:4)
  8 starspawn tentacles
1126 creatures vanquished.

Vanquished Creatures (collateral kills)
  Mara (Spider:4)
  A tentacled monstrosity (Zot:2)
  Asterion (Depths:1)
  A quicksilver dragon (Zot:2)
  A storm dragon (Zot:2)
  A draconian monk (Zot:2)
  A fire giant (Zot:1)
  2 frost giants (Zot:1)
  2 emperor scorpions (Spider:4)
  A ghost moth (Spider:4)
  2 stone giants
  An entropy weaver (Spider:4)
  2 spark wasps (Spider:4)
  5 ettins
  A jiangshi (Depths:3)
  2 hydras
  A merfolk avatar (Shoals:1)
  2 two-headed ogres (Zot:1)
  3 death yaks (Depths:4)
  3 deep troll earth magi (Depths:4)
  2 iron trolls (Zot:1)
  A sea snake (Shoals:1)
  3 deep trolls (Zot:1)
  4 harpies (Shoals:1)
  5 wolf spiders (Spider:4)
  2 salamanders (Depths:4)
  7 orb spiders (Spider:4)
  3 fauns (Shoals:1)
  4 moths of wrath
  A manticore (Shoals:1)
  2 merfolk sirens
  A cane toad (Lair:4)
  3 yaktaurs (Depths:1)
  3 demonic crawlers (Spider:4)
  5 jumping spiders (Spider:4)
  2 wind drakes (Shoals:1)
  A slime creature (D:15)
  A snapping turtle (Shoals:4)
  6 redbacks (Spider:4)
  2 tarantellas (Spider:4)
  3 hell hounds (Depths:4)
  An ogre (Zot:1)
  A crimson imp (Depths:4)
97 creatures vanquished.

Vanquished Creatures (others)
  2 fire giants
  A frost giant (Zot:1)
  A ghost moth (Spider:4)
  A vampire mage (Depths:1)
  A harpy (Shoals:2)
  A moth of wrath (Zot:1)
  A frilled lizard (D:5)
  50 fungi
  A lurking horror (Abyss:1)
  54 plants
  10 starspawn tentacles
123 creatures vanquished.

Grand Total: 1346 creatures vanquished

Notes
Turn   | Place    | Note
-------+----------+-------------------------------------------
     0 | D:1      | Flugslaktarn the Deep Dwarf Fighter began the quest for the
                  | Orb.
     0 | D:1      | Reached XP level 1. HP: 20/20 MP: 1/1
   157 | D:1      | Reached XP level 2. HP: 24/27 MP: 2/2
   300 | D:2      | Reached XP level 3. HP: 26/34 MP: 3/3
   405 | D:3      | Reached skill level 1 in Dodging
   544 | D:4      | Reached XP level 4. HP: 30/42 MP: 4/4
   560 | D:4      | Noticed Natasha
   565 | D:4      | Reached XP level 5. HP: 45/50 MP: 5/5
   573 | D:4      | Killed Natasha
   636 | D:4      | Noticed Natasha
   644 | D:4      | Killed Natasha
   644 | D:4      | Reached XP level 6. HP: 33/57 MP: 6/6
   683 | D:4      | Found a hide-covered altar of Uskayaw.
   983 | D:4      | Found an opulent altar of Gozag.
   983 | D:4      | Found a burning altar of Makhleb.
   983 | D:4      | Found a broken altar of Ashenzari.
   996 | D:4      | Became a worshipper of Makhleb the Destroyer
  1034 | D:5      | Entered Level 5 of the Dungeon
  1046 | D:5      | Noticed Dowan
  1046 | D:5      | Noticed Duvessa
  1054 | D:5      | Killed Duvessa
  1054 | D:5      | Reached skill level 1 in Invocations
  1066 | D:5      | Killed Dowan
  1066 | D:5      | Reached skill level 5 in Axes
  1066 | D:5      | Reached XP level 7. HP: 24/66 MP: 7/7
  1088 | D:5      | Found a glowing drain.
  1100 | D:5      | Noticed Menkaure
  1108 | D:5      | Killed Menkaure
  1111 | D:5      | Reached skill level 5 in Fighting
  1255 | Sewer    | Entered a sewer
  1260 | Sewer    | Reached * piety under Makhleb
  1290 | Sewer    | Reached skill level 5 in Armour
  1647 | D:5      | Reached XP level 8. HP: 48/75 MP: 10/10
  1779 | D:5      | Found a staircase to the Ecumenical Temple.
  2155 | D:6      | Noticed Edmund
  2179 | D:6      | Killed Edmund
  2457 | D:7      | Reached ** piety under Makhleb
  2610 | D:7      | Found a shadowy altar of Dithmenos.
  3074 | D:8      | Noticed a red ugly thing
  3080 | D:8      | Noticed a hippogriff
  3088 | D:8      | Killed a red ugly thing
  3088 | D:8      | Gained mutation: You passively map the area around you.
                  | [Deep Dwarf growth]
  3088 | D:8      | Reached XP level 9. HP: 52/85 MP: 10/10
  3116 | D:8      | Reached skill level 5 in Dodging
  3116 | D:8      | Reached skill level 5 in Invocations
  3526 | D:8      | Found a sparkling altar of Nemelex Xobeh.
  3757 | D:9      | Got a bronze plate armour
  3774 | D:9      | Identified the +7 plate armour of the Armadillo {+Inv rN+
                  | Str+3 Dex-2} (You found it on level 9 of the Dungeon)
  4040 | D:9      | Noticed Joseph
  4055 | D:9      | Killed Joseph
  4155 | D:9      | Found an ancient bone altar of Kikubaaqudgha.
  4241 | D:9      | Noticed Harold
  4265 | D:9      | Killed Harold
  4265 | D:9      | Reached *** piety under Makhleb
  4265 | D:9      | Reached XP level 10. HP: 53/96 MP: 11/11
  4298 | D:9      | Found a flagged portal.
  4318 | Bailey   | Entered a bailey
  4447 | Bailey   | Noticed an orc knight
  4448 | Bailey   | Noticed an orc knight
  4466 | Bailey   | Reached XP level 11. HP: 57/103 MP: 13/13
  4467 | Bailey   | Reached XP level 12. HP: 67/120 MP: 14/14
  4489 | Bailey   | Reached **** piety under Makhleb
  4546 | Bailey   | Reached skill level 1 in Evocations
  4896 | D:10     | Entered Level 10 of the Dungeon
  4960 | D:10     | Found a runed translucent gate.
  4960 | D:10     | Found a runed translucent gate.
  4960 | D:10     | Found a runed translucent gate.
  4960 | D:10     | Found an opulent altar of Gozag.
  4960 | D:10     | Noticed Flugslaktarn's ghost (novice DDFi)
  5221 | D:10     | Noticed Josephine
  5242 | D:10     | Killed Josephine
  5316 | D:10     | Noticed Nergalle
  5335 | D:10     | Killed Nergalle
  5611 | D:11     | Found a staircase to the Lair.
  5742 | D:11     | Reached ***** piety under Makhleb
  5883 | D:11     | Noticed a two-headed ogre
  5891 | D:11     | Killed a two-headed ogre
  5891 | D:11     | Reached skill level 5 in Shields
  6026 | D:11     | Reached XP level 13. HP: 117/128 MP: 14/16
  6262 | D:11     | Found a staircase to the Orcish Mines.
  6849 | D:12     | Reached skill level 5 in Evocations
  7643 | D:13     | Noticed Azrael
  7655 | D:13     | Reached skill level 15 in Axes
  7671 | D:13     | Killed Azrael
  7685 | D:13     | Reached ****** piety under Makhleb
  7897 | D:13     | Gained mutation: You resist negative energy. (rN+) [Deep
                  | Dwarf growth]
  7897 | D:13     | Reached XP level 14. HP: 139/139 MP: 18/18
  7907 | D:13     | Found a gate to the Vaults.
  8248 | D:14     | Found a transporter.
  8263 | D:14     | Noticed qborf's ghost (adept FoVM)
  8281 | D:14     | Found a transporter.
  8820 | D:14     | Noticed Frances
  8830 | D:14     | Killed Frances
  9092 | D:15     | Entered Level 15 of the Dungeon
  9092 | D:15     | Found a staircase to the Depths.
  9092 | D:15     | Noticed a fire giant
  9102 | D:15     | Killed a fire giant
  9108 | D:15     | Reached skill level 10 in Invocations
  9150 | D:15     | Found Isealaos's Antique Weapon Shop.
  9403 | D:15     | Identified Roxanne's Tome of Transmigration
  9403 | D:15     | Noticed Roxanne
 10302 | Lair:1   | Entered Level 1 of the Lair of Beasts
 10391 | Lair:1   | Noticed Gastronok
 10400 | Lair:1   | Reached skill level 10 in Armour
 10402 | Lair:1   | Killed Gastronok
 10480 | Lair:2   | Found a staircase to the Shoals.
 10601 | Lair:2   | Found a frozen archway.
 10622 | Lair:2   | Got a smouldering war axe
 10626 | Lair:2   | Identified the +9 war axe of Qagielum {venom, *Drain rF++}
                  | (You found it on level 2 of the Lair of Beasts)
 10704 | Lair:2   | Noticed Urug
 10717 | Lair:2   | Killed Urug
 10717 | Lair:2   | Reached XP level 15. HP: 150/150 MP: 19/19
 11077 | Lair:3   | Found a shadowy altar of Dithmenos.
 11797 | Lair:4   | Noticed Kirke
 11819 | Lair:4   | Killed Kirke
 12160 | Lair:4   | Found a hole to the Spider Nest.
 12387 | Spider:1 | Entered Level 1 of the Spider Nest
 12686 | Spider:4 | Entered Level 4 of the Spider Nest
 12721 | Spider:4 | Reached skill level 10 in Evocations
 12761 | Spider:4 | Noticed Mara
 12787 | Spider:4 | Killed Mara
 12859 | Spider:4 | Reached XP level 16. HP: 159/159 MP: 21/21
 12908 | Spider:4 | Found a runed translucent door.
 12909 | Spider:4 | Found a shimmering altar of Xom.
 12909 | Spider:4 | Noticed sinister's ghost (adept FoFi)
 13066 | Spider:4 | Reached skill level 10 in Shields
 13202 | Spider:4 | Got a gossamer rune of Zot
 13469 | Shoals:1 | Entered Level 1 of the Shoals
 13681 | Shoals:4 | Entered Level 4 of the Shoals
 13951 | Shoals:4 | Got a barnacled rune of Zot
 14236 | Depths:1 | Entered Level 1 of the Depths
 14265 | Depths:1 | Reached skill level 10 in Dodging
 14295 | Depths:1 | Noticed a titan
 14304 | Depths:1 | Killed a titan
 14316 | Depths:1 | Reached XP level 17. HP: 133/168 MP: 22/22
 14368 | Depths:1 | Noticed Asterion
 14372 | Depths:1 | Reached skill level 15 in Fighting
 14399 | Depths:1 | Killed Asterion
 14593 | Depths:2 | Identified the ring "Lafess" {rN+ rCorr SInv}
 14641 | Depths:2 | Noticed a quicksilver dragon
 14650 | Depths:2 | Killed a quicksilver dragon
 14821 | Depths:3 | Reached skill level 15 in Invocations
 14886 | Depths:2 | Identified the ring "Poujuih" {rF++ Int+6}
 14993 | Depths:3 | Gained mutation: You passively map a large area around you.
                  | [Deep Dwarf growth]
 14993 | Depths:3 | Reached XP level 18. HP: 51/181 MP: 18/18
 15269 | Depths:4 | Found a gateway to Hell.
 15897 | Depths:4 | Reached skill level 15 in Armour
 15913 | Depths:4 | Noticed a juggernaut
 15945 | Depths:4 | Killed a juggernaut
 16079 | Depths:4 | Identified a scroll of acquirement
 16079 | Depths:4 | Acquired the ring "Coazec" {rElec Str+3 Int+6}
 16100 | Depths:4 | Found a one-way gate to the infinite horrors of the Abyss.
 16243 | Depths:4 | Gained mutation: You tend to lose your temper in combat. [a
                  | shining eye]
 16322 | Depths:4 | Voluntarily entered the Abyss.
 16348 | Abyss:1  | Noticed a lich
 16362 | Abyss:1  | Killed a lich
 16396 | Abyss:1  | Found a corrupted altar of Lugonu.
 16396 | Abyss:1  | Noticed a bone dragon
 16419 | Abyss:1  | Killed a bone dragon
 16419 | Abyss:1  | Reached XP level 19. HP: 190/190 MP: 14/14
 16499 | Abyss:1  | Found a bloodstained altar of Trog.
 16608 | Abyss:1  | Found a bloodstained altar of Trog.
 16653 | Abyss:1  | Lost mutation: You tend to lose your temper in combat.
                  | [potion of mutation]
 16653 | Abyss:1  | Gained mutation: You have a pair of small horns on your
                  | head. [potion of mutation]
 16653 | Abyss:1  | Gained mutation: You are agile. (Dex +2) [potion of
                  | mutation]
 16680 | Depths:4 | Escaped the Abyss
 16682 | Depths:4 | Voluntarily entered the Abyss.
 17023 | Abyss:1  | Noticed a bone dragon
 17053 | Abyss:1  | Killed a bone dragon
 17262 | Abyss:2  | Reached skill level 15 in Shields
 17316 | Abyss:2  | Found a viscous altar of Jiyva.
 17364 | Abyss:2  | Noticed an ancient lich
 17379 | Abyss:2  | Killed an ancient lich
 17410 | Abyss:2  | Gained mutation: You occasionally shout uncontrollably at
                  | your foes. [a neqoxec]
 17568 | Abyss:2  | Gained mutation: Your body sometimes deteriorates upon
                  | taking damage. [a neqoxec]
 17909 | Abyss:3  | Noticed a bone dragon
 17945 | Abyss:3  | Killed a bone dragon
 18053 | Abyss:4  | Paralysed by a floating eye for 3 turns
 18065 | Abyss:4  | Paralysed by a floating eye for 2 turns
 18066 | Abyss:4  | Noticed a profane servitor
 18077 | Abyss:4  | Got an abyssal rune of Zot
 18109 | Depths:4 | Escaped the Abyss
 18141 | Depths:5 | Entered Level 5 of the Depths
 18215 | Depths:5 | Reached XP level 20. HP: 131/204 MP: 14/14
 18453 | Depths:5 | Noticed a golden dragon
 18477 | Depths:5 | Killed a golden dragon
 18505 | Depths:5 | Found a gate to the Realm of Zot.
 18512 | Zot:1    | Entered Level 1 of the Realm of Zot
 18989 | Zot:5    | Entered Level 5 of the Realm of Zot
 19021 | Zot:5    | Noticed a golden dragon
 19030 | Zot:5    | Noticed an orb of fire
 19030 | Zot:5    | Noticed an ancient lich
 19030 | Zot:5    | Noticed an ancient lich
 19030 | Zot:5    | Noticed an ancient lich
 19030 | Zot:5    | Noticed a golden dragon
 19030 | Zot:5    | Noticed a Killer Klown
 19030 | Zot:5    | Noticed an ancient lich
 19034 | Zot:5    | Noticed a golden dragon
 19034 | Zot:5    | Noticed a golden dragon
 19041 | Zot:5    | Slain by an Orb Guardian

Illustrated notes

Levels and vault maps discovered:
D:1:      denvon_arrival_planthouse, layout_basic
D:2:      layout_basic
D:3:      layout_basic, trog_wizard
D:4:      layout_rooms, eat_drink_and_be_merry_uskayaw,
          gammafunk_temple_overflow_claw, uniq_natasha
D:5:      layout_loops_ring, minmay_temple_entry_from_below_a,
          gup_sewer_entry_glass, moated_statue, lemuel_flame_loot_1,
          uniq_menkaure, uniq_duvessa
D:6:      layout_rooms, uniq_edmund
D:7:      layout_basic, dk_vineyard_3, minivault_5,
          nicolae_dithmenos_the_darkroom
D:8:      layout_loops_ring, kennysheep_mini, minmay_manual_monstrance
D:9:      layout_loops_corners, kiku_gazebo_pond_becter, enter_bailey_3,
          minmay_fractal_squares_gapless_5, uniq_joseph, uniq_harold
D:10:     layout_basic, ebering_ghost_gozag, uniq_nergalle, uniq_josephine
D:11:     layout_loops_ring, due_lair_maze_entry_diamond, david_orc_4
D:12:     layout_basic
D:13:     layout_rooms, hangedman_vaults_entry_quadrant_bands, uniq_azrael
D:14:     layout_basic, gammafunk_ghost_stat_death, kennysheep_small_spiral,
          uniq_frances
D:15:     grunt_enter_depths_giant_problem, layout_loops_corners, serial_shops,
          nicolae_shop_overgrown_old_shop, uniq_roxanne
Lair:1:   layout_chaotic_city, grunt_forest_large_clearing_hut, uniq_gastronok
Lair:2:   layout_big_grid, elwin_shoals_entry_stream, portal_ice_cave_rime,
          minmay_lair_oklob_chamber, uniq_urug
Lair:3:   layout_chaotic_city, basic_altar
Lair:4:   layout_hall_layers, spider_nest_entry_funnel_web, grunt_megastairs_4,
          lemuel_fruit_tree, uniq_kirke
Shoals:1: layout_shoals
Shoals:2: layout_shoals
Shoals:3: gammafunk_the_bubble [the_bubble_gammafunk_grid], layout_shoals,
          nicolae_shoals_stone_sculpture_thing, uniq_polyphemus, uniq_ilsuiw
Shoals:4: shoals_end_grunt_ice, layout_shoals
Spider:1: layout_chambers, uniq_donald
Spider:2: layout_spider_delve, nicolae_spider_webs_and_nodes, zaba_antful_of_joy
Spider:3: layout_spider_delve
Spider:4: grunt_spider_rune_island, ebering_ghost_xom, uniq_mara
Depths:1: layout_gridlike, lightli_too_deep,
          hangedman_abyss_or_decor_lesser_grid, gammafunk_ghost_grave,
          minmay_protected_statue, kennysheep_random_hallway, uniq_asterion
Depths:2: minmay_the_grid_triangle_9x9_rhombus_thin_mashed
          [minmay_the_grid_triangle_9x9_sparse_checkered,
          minmay_the_grid_triangle_9x9_prize_special,
          minmay_the_grid_triangle_9x9_swiss_cheese,
          minmay_the_grid_triangle_9x9_tough_junction], layout_cave_pools,
          hangedman_decor_clover_reticule, hell_entry, kb_rosetta
Depths:3: minmay_expanding_squares, layout_cross, hangedman_coc_ice_floe,
          pan_entry, minmay_shop_star, roderic_lattice_octagonal_star
Depths:4: giant_chief_lemuel, layout_basic, abyss_entry, hellmouth_3,
          nrook_mini_vaults, grunt_megastairs_1, infiniplex_staircase_zigzag_2,
          serial_bayou_shore_b
Depths:5: evilmike_zot_entry_gauntlet, layout_gridlike, enter_ziggurat_c,
          hell_entry, serial_bayou_pond_c, hangedman_decor_lopped,
          serial_bayou_shore_a
Zot:1:    lemuel_halls_of_wrath, layout_misc_corridors, hangedman_swamp_dais,
          grunt_megastairs_2
Zot:2:    layout_concentric_octagons, hangedman_hellfire_club
Zot:3:    grunt_twist_and_shout, layout_cathedral_of_symmetry
Zot:4:    layout_basic
Zot:5:    layout_misc_corridors, gammafunk_ghost_tricky_traps,
          nicolae_lava_and_water

Skill      XL: |  1  2  3  4  5  6  7  8  9 10 11 12 13 14 15 16 17 18 19 20 |
---------------+-------------------------------------------------------------+-----
Fighting       | 3 4 5 6 8 11 12 13 14 15 16 17 18 | 18.4
Axes           | 3 4 5 6 7 9 13 14 15 16 | 16.2
Dodging        | 1 2 3 4 6 8 10 11 | 11.0
Armour         | 4 5 6 7 8 9 10 11 12 13 15 17 18 | 18.2
Invocations    | 1 2 4 6 8 9 10 12 13 15 | 15.0
Shields        | 5 6 8 9 11 12 14 16 17 | 17.5
Evocations     | 3 6 8 10 | 10.0

Action                   |  1- 3 |  4- 6 |  7- 9 | 10-12 | 13-15 | 16-18 | 19-21 || total
-------------------------+-------+-------+-------+-------+-------+-------+-------++-------
Melee: War axe           |   108 |    41 |       |       |  1018 |   806 |   970 ||  2943
       Hand axe          |       |    40 |   320 |   443 |   111 |       |       ||   914
       Broad axe         |       |       |       |       |   155 |   252 |       ||   407
       Headbutt          |       |       |       |       |       |       |   322 ||   322
Invok: Lesser Servant of |       |       |       |       |     7 |     7 |     1 ||    15
       Greater Servant o |       |       |       |       |     3 |     7 |     6 ||    16
 Abil: Heal Wounds       |       |     4 |    12 |     5 |     8 |    33 |    26 ||    88
Evoke: Wand              |       |       |       |     4 |       |     3 |       ||     7
       Tin of tremorston |       |       |       |       |       |     4 |     3 ||     7
  Use: Scroll            |       |     5 |     9 |     4 |    19 |     6 |    11 ||    54
       Potion            |       |       |       |     7 |     2 |     1 |     5 ||    15
 Stab: Distracted        |       |       |       |       |     4 |     4 |     4 ||    12
       Paralysed         |       |       |       |       |       |       |     1 ||     1
Armor: Scale mail        |    46 |    36 |       |       |       |       |       ||    82
       Chain mail        |       |    14 |    90 |       |       |       |       ||   104
       Plate armour      |       |       |    31 |   204 |   802 |   609 |   437 ||  2083
Dodge: Dodged            |    49 |    49 |    94 |   186 |   460 |   488 |   521 ||  1847
Block: Kite shield       |    66 |    62 |   154 |   241 |   696 |   771 |   645 ||  2635

Table legend: (Time is in decaauts)
 A = Elapsed time spent in this place.
 B = Non-inter-level travel time spent in this place.
 C = Inter-level travel time spent in this place.
 D = Time resting spent in this place.
 E = Time spent auto-exploring this place.
 F = Levels seen in this place.
 G = Mean time per level.
                   A        B        C        D        E       F      G
               +--------+--------+--------+--------+--------+-----+--------+
         Total |  18311 |  16717 |   1594 |    127 |  10606 |  44 |  416.2 |
       Dungeon |   9845 |   9022 |    823 |     25 |   6648 |  15 |  656.3 |
          Lair |   2103 |   1886 |    217 |      0 |   1444 |   4 |  525.8 |
        Shoals |    683 |    496 |    187 |      0 |    211 |   4 |  170.8 |
   Spider Nest |    978 |    834 |    144 |      0 |    375 |   4 |  244.5 |
        Depths |   2212 |   2054 |    158 |     45 |    813 |   5 |  442.4 |
           Zot |    484 |    420 |     64 |      5 |    112 |   5 |   96.8 |
         Abyss |   1618 |   1618 |      0 |     52 |    866 |   5 |  323.6 |
         Sewer |     81 |     81 |      0 |      0 |     53 |   1 |   81.0 |
        Bailey |    303 |    303 |      0 |      0 |     82 |   1 |  303.0 |
               +--------+--------+--------+--------+--------+-----+--------+

Top non-repeatable levels by time:
Depths:4: 1221 daAuts
    D:12: 1126 daAuts
    D:15: 1053 daAuts
    D:11: 1001 daAuts
    D:14: 990 daAuts
     D:5: 931 daAuts
     D:9: 837 daAuts
     D:8: 810 daAuts
  Lair:4: 810 daAuts
 Abyss:1: 762 daAuts
  Lair:3: 651 daAuts
Spider:4: 585 daAuts
    D:13: 584 daAuts
    D:10: 547 daAuts
     D:7: 541 daAuts
